 Dungeon Crawl Stone Soup version 0.29-a0-25-g7f48f510a0 (webtiles) character file.

Game seed: 5944094151704734058

282 SlyGuyMcFly the Ducker (level 6, -45/29 HPs)
             Began as a Felid Fighter on Jan 31, 2022.
             Was a Plaything of Xom.
             Killed by an exploding shadow imp (48 damage)
             ... ignited by their inner flame
             ... on level 4 of the Dungeon.
             The game lasted 00:05:02 (4060 turns).

SlyGuyMcFly the Ducker (Felid Fighter)              Turns: 4060, Time: 00:05:03

Health: -45/29     AC:  2    Str: 12    XL:     6   Next: 6%
Magic:  7/7        EV: 21    Int:  9    God:    Xom [..*...]
Gold:   105        SH:  0    Dex: 18    Spells: 5/5 levels left
                                        Lives:  0   Deaths: 1

rFire   . . .      SeeInvis +     - Unarmed
rCold   . . .      Faith    .   (shield unavailable)
rNeg    . . .      Spirit   .   (armour unavailable)
rPois   .          Reflect  .   (helmet unavailable)
rElec   .          Harm     .   (cloak unavailable)
rCorr   .          Rampage  .   (gloves unavailable)
Will    .....                   (boots unavailable)
Stlth   ++........              (no amulet)
HPRegen 0.09/turn               (no ring)
MPRegen 0.10/turn               (no ring)

@: quick
A: very small, claws 1, fangs 3, see invisible, speed 1, shaggy fur 2, stealthy
paws, no weapons or thrown items, no armour, multi-lived
a: Renounce Religion


You were on level 4 of the Dungeon.
You worshipped Xom.
You were a toy of Xom.
You visited 1 branch of the dungeon, and saw 4 of its levels.

You collected 105 gold pieces.

Inventory:

Scrolls
 a - a scroll of immolation
 g - 2 scrolls of identify
 k - a scroll of amnesia
Potions
 b - 3 potions of flight
 d - a potion of mutation {unknown}
 e - a potion of invisibility {unknown}
 f - 2 potions of attraction {unknown}
 h - a potion of degeneration {unknown}
 i - a potion of brilliance {unknown}
 j - a potion of heal wounds {unknown}


   Skills:
 + Level 4.7 Fighting
 + Level 6.3 Dodging
 + Level 5.4 Unarmed Combat


You had 5 spell levels left.
You didn't know any spells.
Your spell library contained the following spells:

 Spells                   Type           Power      Damage    Failure   Level
 Ignite Poison            Fire/Tmut/Pois 0%         N/A       77%         3
 Mephitic Cloud           Conj/Pois/Air  0%         N/A       77%         3
 Freezing Cloud           Conj/Ice/Air   0%         6-21      100%        5


Dungeon Overview and Level Annotations

Branches:
Dungeon (4/15)
 Temple: D:4-7

Altars:
Fedhas
Okawaru
Xom

Annotations:
D:4 Eustachio


Innate Abilities, Weirdness & Mutations

You have sharp claws.
You have razor-sharp teeth.
You have supernaturally acute eyesight. (SInv)
You cover ground quickly. (Speed+)
You are covered in thick fur. (AC +2)
Your paws help you pounce on unaware monsters.
You are incapable of wielding weapons or throwing items.
You cannot wear armour.
You gain extra lives every three experience levels.


Message History

You scratch the white imp.
You kill the white imp!
The white imp disappears in a puff of smoke!
You scratch Eustachio. You bite Eustachio.
Eustachio is lightly wounded.
Eustachio gestures wildly while chanting.
You scratch Eustachio but do no damage.
Eustachio is lightly wounded.
Eustachio barely misses you.
Read: 2 scrolls of immolation
Press: ? - help, Q - select action, (/) - cycle Dir - look around, f - activate Look: Eustachio, wielding a +0 rapier and wearing a +0 leather armour (lightly wounded, susceptible)
As you read the scroll of immolation, it crumbles to dust.
The creatures around you are filled with an inner flame!
The shadow imp closely misses you. Eustachio hits you with a +0 rapier!
* * * LOW HITPOINT WARNING * * *
As you read the scroll labelled DYAPNE BEAGEI, it crumbles to dust.
It is a scroll of identify.
b - 3 potions of flight The shadow imp completely misses you.
Eustachio gestures wildly while chanting.
Eustachio blinks!
Blink to where?
Press: ? - help, Dir - move target
As you read the scroll labelled RAKHES LIUKIEH, it crumbles to dust.
It was a scroll of blinking.
As you read the scroll labelled UHIDWIPHYD, it crumbles to dust.
It is a scroll of amnesia.
You feel forgetful for a moment.
As you read the scroll labelled KOONE NEAR WEP, it crumbles to dust.
You speak a Word of immense power!
The shadow imp convulses!
The shadow imp disappears in a puff of smoke!
The white imp convulses!
The white imp disappears in a puff of smoke!
It was a scroll of holy word.
The white imp explodes!
The shadow imp explodes!
The fiery explosion engulfs you!!!
Ouch! That really hurt!
You die...
Xom roars with laughter!

#......... .......
#......#.##......)
#).....#.#.@#
#......#.#.##
#......#.#§#
#.##...#.#§#
#......#.#§#
####...#.#§#
#........@§#
#....#.#.###
######.#.#
#......#.#
#.######.# #.# #.#
#.# #.# #.######.#
#.......<#


There were no monsters in sight!

Vanquished Creatures
  Sigmund (D:2)
  Jessica (D:2)
  An orc wizard (D:3)
  Robin (D:2)
  3 adders
  2 dart slugs (D:1)
  9 ball pythons
  5 endoplasms
  3 giant cockroaches
  17 goblins
  A hobgoblin (D:1)
  4 jackals (D:1)
  4 quokkas
  3 bats
  10 frilled lizards
  5 kobolds
  5 rats
75 creatures vanquished.

Vanquished Creatures (others)
  8 plants (D:2)
8 creatures vanquished.

Grand Total: 83 creatures vanquished

Notes
Turn   | Place    | Note
-------+----------+-------------------------------------------
     0 | D:1      | SlyGuyMcFly the Felid Fighter began the quest for the Orb.
     0 | D:1      | Reached XP level 1. HP: 10/10 MP: 2/2
   152 | D:1      | Reached XP level 2. HP: 8/14 MP: 3/3
  1082 | D:1      | Reached XP level 3. HP: 17/17 MP: 4/4
  1470 | D:2      | Noticed Robin
  1753 | D:2      | Killed Robin
  1758 | D:2      | Reached skill level 5 in Dodging
  1772 | D:2      | Reached XP level 4. HP: 8/22 MP: 5/5
  2306 | D:2      | Noticed Jessica
  2318 | D:2      | Slain by Jessica
  2319 | D:2      | Reached XP level 3. HP: -4/18 MP: 4/4
  2423 | D:2      | Noticed Sigmund
  2433 | D:2      | Killed Sigmund
  2434 | D:2      | Reached skill level 6 in Dodging
  2434 | D:2      | Reached skill level 5 in Unarmed Combat
  2434 | D:2      | Reached XP level 4. HP: 9/22 MP: 5/5
  2434 | D:2      | Reached XP level 5. HP: 11/25 MP: 6/6
  2624 | D:2      | Killed Jessica
  3429 | D:3      | Found a blossoming altar of Fedhas.
  3429 | D:3      | Found an iron altar of Okawaru.
  3462 | D:3      | Found a faded altar of an unknown god.
  3479 | D:3      | Prayed at the altar of an unknown god.
  3479 | D:3      | Became a worshipper of Xom of Chaos
  3690 | D:4      | Noticed an orc warrior
  3697 | D:3      | Gained mutation: You are covered in thick fur. (AC +2)
                  | [Felid growth]
  3697 | D:3      | Reached XP level 6. HP: 5/29 MP: 7/7
  4041 | D:4      | Noticed Eustachio
  4060 | D:4      | Killed by an exploding shadow imp... ignited by their inner
                  | flame

Illustrated notes

Levels and vault maps discovered:
D:1:      minmay_arrival_split_and_join, layout_rooms,
          chequers_decorated_corner, grunt_decor_arrowhead, minmay_quantized
D:2:      layout_loops_cross, minmay_lizard_king, uniq_robin, uniq_jessica,
          uniq_sigmund
D:3:      layout_basic, gammafunk_temple_overflow_pools,
          hellmonk_ecumenical_altar_blasted, kennysheep_another_room
D:4:      layout_basic, mainiacjoe_overflow_alcove_2, uniq_menkaure,
          uniq_eustachio, uniq_grinder

Skill      XL: |  1  2  3 |
---------------+----------+-----
Dodging        | 6 |  6.3
Fighting       | 4 |  4.7
Unarmed Combat | 5 |  5.4

Action                   |  1- 3 |  4- 6 || total
-------------------------+-------+-------++-------
Melee: Unarmed           |   100 |    91 ||   191
       Bite              |     8 |     9 ||    17
       Punch             |     2 |     4 ||     6
  Use: Potion            |     1 |       ||     1
       Scroll            |       |     5 ||     5
 Stab: Sleeping          |     5 |     2 ||     7
Armor: Skin              |     2 |     1 ||     3
Dodge: Dodged            |    89 |    58 ||   147

Table legend: (Time is in decaauts)
 A = Elapsed time spent in this place.
 B = Non-inter-level travel time spent in this place.
 C = Inter-level travel time spent in this place.
 D = Time resting spent in this place.
 E = Time spent auto-exploring this place.
 F = Levels seen in this place.
 G = Mean time per level.
                   A        B        C        D        E       F      G
               +--------+--------+--------+--------+--------+-----+--------+
         Total |   3650 |   3582 |     68 |    770 |   2348 |   4 |  912.5 |
       Dungeon |   3650 |   3582 |     68 |    770 |   2348 |   4 |  912.5 |
               +--------+--------+--------+--------+--------+-----+--------+

Top non-repeatable levels by time:
     D:1: 1406 daAuts
     D:2: 1247 daAuts
     D:3: 940 daAuts
     D:4: 56 daAuts
